 Dungeon Crawl Stone Soup version 0.23.0 (webtiles) character file.

Game seed: 1584543487619320642

90113 BarneyGumball the Severer (level 15, -4/138 HPs)
             Began as a Deep Dwarf Gladiator on Feb 21, 2019.
             Was a High Priest of Makhleb.
             Blown up by an orb spider (32 damage)
             ... with an orb of destruction
             ... on level 2 of the Spider Nest.
             The game lasted 01:00:57 (20221 turns).

BarneyGumball the Severer (Deep Dwarf Gladiator)   Turns: 20221, Time: 01:00:58

Health: -4/138     AC: 19    Str: 22    XL:     15   Next: 51%
Magic:  2/2        EV:  6    Int: 14    God:    Makhleb [*****.]
Gold:   2160       SH:  0    Dex: 12    Spells: 18/18 levels left

rFire    . . .     SeeInvis .   b - +3 broad axe
rCold    + + .     Gourm    .   L - +0 large shield
rNeg     + . .     Faith    .   k - +1 plate armour {rC+}
rPois    +         Spirit   .   U - +2 helmet {Int+3}
rElec    .         Reflect  +   (no cloak)
rCorr    .         Harm     .   C - +1 pair of gloves
MR       ++...                  S - +0 pair of boots
Stlth    ..........             W - +3 amulet of reflection
HPRegen  0.00/turn              g - ring of poison resistance
MPRegen  0.08/turn              x - ring of protection from cold

@: confused, non-regenerating
A: damage resistance, heal wounds, clumsy 1, deformed body, negative energy
resistance 1, sense surroundings 2, no regeneration
a: Heal Wounds, Minor Destruction, Lesser Servant of Makhleb, Major Destruction,
Greater Servant of Makhleb, Renounce Religion


You were on level 2 of the Spider Nest.
You worshipped Makhleb.
Makhleb was extremely pleased with you.
You were not hungry.

You visited 4 branches of the dungeon, and saw 24 of its levels.
You also visited: Sewer.

You collected 2308 gold pieces.
You spent 148 gold pieces at shops.

Inventory:

Hand Weapons
 a - the +11 flail of Incongruity {crush, Stlth+}
   (You found it on level 3 of the Lair of Beasts)

   It inflicts extra damage upon your enemies.
   It makes you more stealthy.
 b - a +3 broad axe (weapon)
Armour
 k - a +1 plate armour of cold resistance (worn)
 C - a +1 pair of gloves (worn)
 L - a +0 large shield (worn)
 S - a +0 pair of boots (worn)
 U - a +2 helmet of intelligence (worn)
Jewellery
 g - a ring of poison resistance (left hand)
 x - a ring of protection from cold (right hand)
 G - an uncursed ring of flight
 M - an uncursed ring of resist corrosion
 R - an uncursed ring of positive energy
 T - a +2 ring of strength
 W - a +3 amulet of reflection (around neck)
Wands
 c - a wand of polymorph (17)
 r - a wand of flame (27)
 v - a wand of random effects (76)
 B - a wand of disintegration (34)
 K - a wand of paralysis (8)
 N - a wand of acid (21)
 O - a wand of iceblast (12)
Scrolls
 e - 7 scrolls of enchant weapon
 i - a scroll of fear
 n - 2 scrolls of immolation
 o - 3 scrolls of identify
 p - a scroll of fog
 q - 14 scrolls of remove curse
 w - a scroll of magic mapping
 y - 4 scrolls of noise {unknown}
 D - 10 scrolls of teleportation
 E - 3 scrolls of amnesia
 F - 6 scrolls of enchant armour
 J - a scroll of summoning
 V - 2 scrolls of brand weapon {unknown}
Potions
 d - 2 potions of invisibility
 h - 3 potions of agility
 j - 3 potions of resistance
 l - 7 potions of lignification
 s - 2 potions of brilliance
 t - 2 potions of might
 u - a potion of ambrosia
 z - 3 potions of berserk rage
 A - 4 potions of magic
 I - 4 potions of flight
 P - 2 potions of mutation
 Q - a potion of haste {unknown}
Comestibles
 f - 39 rations


   Skills:
 + Level 10.2 Fighting
 * Level 17.7 Axes
 - Level 1.7 Throwing
 + Level 12.8 Armour
 - Level 3.2 Dodging
 + Level 10.8 Shields
 - Level 2.0 Spellcasting
 + Level 13.6 Invocations
 + Level 7.1 Evocations


You had 18 spell levels left.
You didn't know any spells.
Your spell library contained the following spells:

 Spells                   Type           Power        Failure   Level  Hunger
 Animate Skeleton         Necr           N/A          100%        1    ##.....
 Apportation              Tloc           #.....       100%        1    ##.....
 Beastly Appendage        Tmut           #.....       100%        1    ##.....
 Confusing Touch          Hex            #.....       100%        1    ##.....
 Corona                   Hex            #......      100%        1    ##.....
 Flame Tongue             Conj/Fire      #....        100%        1    ##.....
 Infusion                 Chrm           #...         100%        1    ##.....
 Summon Small Mammal      Summ           #...         100%        1    ##.....
 Corpse Rot               Necr           N/A          100%        2    ###....
 Shroud of Golubria       Chrm/Tloc      #.........   100%        2    ###....
 Slow                     Hex            #.......     100%        2    ###....
 Song of Slaying          Chrm           #.......     100%        2    ###....
 Sticks to Snakes         Tmut           #.......     100%        2    ###....
 Sublimation of Blood     Necr           #.........   100%        2    ###....
 Throw Flame              Conj/Fire      #.....       100%        2    ###....
 Confuse                  Hex            #.......     100%        3    ####...
 Conjure Flame            Conj/Fire      #.......     100%        3    ####...
 Gell's Gravitas          Tloc           #.........   100%        3    ####...
 Inner Flame              Hex/Fire       #.......     100%        3    ####...
 Portal Projectile        Hex/Tloc       #.....       100%        3    ####...
 Recall                   Summ/Tloc      N/A          100%        3    ####...
 Spectral Weapon          Hex/Chrm       #.......     100%        3    ####...
 Spider Form              Tmut/Pois      #.........   100%        3    ####...
 Animate Dead             Necr           N/A          100%        4    #####..
 Cause Fear               Hex            #.........   100%        4    #####..
 Ice Form                 Ice/Tmut       #.......     100%        4    #####..
 Leda's Liquefaction      Hex/Erth       #.........   100%        4    #####..
 Petrify                  Tmut/Erth      #.......     100%        4    #####..
 Sticky Flame             Conj/Fire      #.......     100%        4    #####..
 Agony                    Necr           #.......     100%        5    ######.
 Blade Hands              Tmut           #.........   100%        5    ######.
 Bolt of Draining         Conj/Necr      #.........   100%        5    ######.
 Borgnjor's Vile Clutch   Necr/Erth      #.........   100%        5    ######.
 Dispel Undead            Necr           #.......     100%        5    ######.
 Excruciating Wounds      Chrm/Necr      #.........   100%        5    ######.
 Fireball                 Conj/Fire      #.........   100%        5    ######.
 Irradiate                Conj/Tmut      #.........   100%        5    ######.
 Metabolic Englaciation   Hex/Ice        #.........   100%        5    ######.
 Yara's Violent Unravell  Hex/Tmut       #.........   100%        5    ######.
 Death Channel            Necr           #.........   100%        6    #######
 Hydra Form               Tmut           #.........   100%        6    #######
 Simulacrum               Ice/Necr       #.........   100%        6    #######
 Statue Form              Tmut/Erth      #........    100%        6    #######
 Dragon Form              Tmut           #.........   100%        7    #######
 Regeneration             Chrm/Necr      Unusable     N/A         3    N/A

Dungeon Overview and Level Annotations

Branches:
Dungeon (15/15)            Temple (0/1) D:4            Lair (5/6) D:10
 Shoals (0/4) Lair:2       Spider (2/4) Lair:4          Orc (2/2) D:11
    Elf (0/3) Orc:2        Vaults (0/5) D:14         Depths (0/5) D:15
  Slime: Lair:5-6

Altars:
Ashenzari
Makhleb
Okawaru
Sif Muna
Uskayaw
Vehumet
Wu Jian
Zin
The Shining One

Shops:
D:5 *   D:7 }

Annotations:
D:9 exclusion: orange crystal statue
Lair:3 exclusions: electric eel and 6 more exclusions
Lair:4 exclusion: 2 oklob plants
Lair:5 exclusion: 4 oklob plants


Innate Abilities, Weirdness & Mutations

You are resistant to damage.
You can heal yourself by infusing magical energy.
You resist negative energy. (rN+)
You passively map the area around you.
You do not regenerate.
You are clumsy. (Dex -2)
Armour fits poorly on your strangely shaped body.


Message History

Your cacodemon gestures at the jumping spider.
The jumping spider twists and deforms.
The jumping spider leaps!
The jumping spider leaps!
Your cacodemon closely misses the tarantella.
Your cacodemon barely misses the tarantella.
The tarantella bites you but does no damage.
The tarantella bites you but does no damage.
Your cacodemon hits the tarantella!! Your cacodemon hits the tarantella.
The tarantella misses your cacodemon.
Your cacodemon misses the tarantella.
Your cacodemon closely misses the tarantella.
The tarantella bites your cacodemon but does no damage.
The jumping spider leaps!
The orb spider weaves a glowing orb of energy.
The tarantella bites your cacodemon!
Your cacodemon gestures at the jumping spider.
The jumping spider appears confused.
An orb of destruction comes into view.
The tarantella barely misses your cacodemon.
The orb of destruction hits you!!
You die...

.......>................s
, *,
?.......................s
*
.................s.......
* *
......................###
, ,
........................#
,, .......s.^....<...#. ,
,,
......†°.°..(.....#####*
,,
.......○○.........†...#
........s@.........†.^##
,
|.......2.......#......#
*
................##.....#
,
........s........##...##
* ..................#).##
,, ,
..................#### ,,
, ..............#....# ,
,, .....#.......##..##
.....#........#...#


You could see an orb spider, a jumping spider (confused), a tarantella and a
friendly cacodemon.

Vanquished Creatures
  3 yaktaur captains (D:15)
  6 hydras
  4 centaur warriors (D:15)
  2 death knights
  An ogre mage (D:14)
  7 two-headed ogres
  An orc high priest (Orc:2)
  4 unseen horrors
  A deep elf archer (D:15)
  2 orc knights (D:15)
  6 ugly things
  An orb spider (Lair:4)
  A wolf spider zombie (D:15)
  5 manticores
  2 deep elf magi
  2 orc sorcerers
  9 cyclopes
  3 wolf spiders
  Joseph (D:9)
  7 elephants (Lair:5)
  A merfolk siren (Lair:2)
  4 black mambas
  2 centaur zombies
  A spiny frog (shapeshifter) (D:14)
  3 gargoyles
  8 spiny frogs
  6 komodo dragons
  A kobold demonologist (D:15)
  A yaktaur (D:14)
  2 freezing wraiths
  A yaktaur (shapeshifter) (D:13)
  2 rime drakes
  An efreet (D:15)
  A demonic crawler (Spider:1)
  4 polar bears
  8 trolls
  3 meliai (D:14)
  2 tengu conjurers (D:14)
  6 slime creatures
  3 jumping spiders
  A jumping spider (shapeshifter) (D:15)
  10 blink frogs
  A meliai zombie (D:15)
  4 dream sheep (Lair:4)
  2 hornets (D:15)
  7 hippogriffs
  5 redbacks
  3 spriggans
  A shadow (D:15)
  3 wyverns
  2 vampires (D:15)
  4 tarantellas
  2 wraiths
  21 yaks
  3 hungry ghosts
  4 basilisks
  6 vampire mosquitoes
  5 wargs
  An acid dragon (D:15)
  11 water moccasins
  A soldier ant (D:13)
  9 porcupines
  20 orc warriors
  An ice beast (D:15)
  An eye of draining (D:15)
  3 black bears
  2 phantoms
  5 ogres
  3 wolves (Lair:3)
  8 centaurs
  6 crocodiles
  19 bullfrogs
  A wyvern skeleton (D:14)
  A hornet simulacrum (D:15)
  10 scorpions
  3 wights (D:13)
  A howler monkey (D:6)
  9 crimson imps
  A bullfrog zombie (D:7)
  4 jellies
  4 quasits
  5 hounds
  2 bullfrog skeletons
  20 orc priests
  Terence (D:3)
  7 centaur skeletons
  An iguana (D:11)
  5 worker ants
  20 orc wizards
  A hound zombie (D:5)
  A worker ant zombie (D:6)
  7 gnolls
  17 adders
  3 shadow imps
  An ooze (D:1)
  2 adder zombies
  2 worms (D:2)
  A dart slug (D:1)
  8 leopard geckos
  76 orcs
  12 giant cockroaches
  5 goblins
  7 hobgoblins
  4 jackals
  A quokka (D:7)
  5 ball pythons
  5 bats
  13 frilled lizards
  7 kobolds
  A quokka skeleton (D:6)
  13 rats
  5 fungi
  5 plants (Lair:4)
599 creatures vanquished.

Vanquished Creatures (collateral kills)
  Rupert (D:12)
  A tengu reaver (D:15)
  A storm dragon (D:15)
  A fire giant (D:15)
  A frost giant (D:15)
  A war gargoyle (D:15)
  3 hydras
  A death knight (D:15)
  2 two-headed ogres
  A death yak (Lair:4)
  2 orc knights (D:15)
  A harpy (D:15)
  An ugly thing (D:15)
  5 wolf spiders
  2 orc sorcerers (Orc:1)
  2 orb spiders
  3 elephants
  2 gargoyles
  3 spiny frogs
  2 rime drakes
  A demonic crawler (Spider:2)
  A freezing wraith (D:15)
  3 trolls (Orc:1)
  5 jumping spiders (Spider:1)
  A hippogriff (D:15)
  A slime creature (D:15)
  A dream sheep (Lair:4)
  3 blink frogs
  A tarantella (Spider:2)
  A centaur simulacrum (D:15)
  A vampire (D:15)
  4 yaks (Lair:4)
  2 wraiths
  A basilisk (D:11)
  A steam dragon (D:10)
  3 vampire mosquitoes (D:12)
  2 wargs (Orc:1)
  2 water moccasins
  5 orc warriors
  An eye of draining (D:12)
  An ogre (Orc:1)
  3 bullfrogs
  2 crimson imps
  3 orc priests
  3 orc wizards
  9 orcs
97 creatures vanquished.

Vanquished Creatures (others)
  A sky beast (D:15)
  An orc priest (Orc:2)
  A bush (Lair:4)
  6 fungi
  3 plants
12 creatures vanquished.

Grand Total: 708 creatures vanquished

Notes
Turn   | Place    | Note
-------+----------+-------------------------------------------
     0 | D:1      | BarneyGumball the Deep Dwarf Gladiator began the quest for
                  | the Orb.
     0 | D:1      | Reached XP level 1. HP: 19/19 MP: 1/1
    53 | D:1      | Reached skill level 1 in Armour
    53 | D:1      | Reached XP level 2. HP: 19/26 MP: 2/2
   268 | D:1      | Reached skill level 4 in Axes
   439 | D:1      | Reached XP level 3. HP: 21/32 MP: 3/3
  1283 | D:2      | Reached XP level 4. HP: 22/39 MP: 4/4
  1378 | D:2      | Reached skill level 5 in Axes
  1598 | D:2      | Found a burning altar of Makhleb.
  1600 | D:2      | Noticed a blizzard demon
  1604 | D:2      | Noticed a smoke demon
  1604 | D:2      | Noticed a neqoxec
  1628 | D:2      | Became a worshipper of Makhleb the Destroyer
  1709 | D:3      | Found a glowing golden altar of the Shining One.
  1851 | D:3      | Noticed Terence
  1867 | D:3      | Killed Terence
  2013 | D:3      | Reached XP level 5. HP: 36/45 MP: 4/4
  2454 | D:4      | Found a staircase to the Ecumenical Temple.
  2477 | D:4      | Reached skill level 6 in Axes
  2493 | D:4      | Noticed an ogre
  2513 | D:4      | Killed an ogre
  2513 | D:4      | Reached XP level 6. HP: 38/52 MP: 5/5
  2608 | D:4      | Reached * piety under Makhleb
  2619 | D:4      | Reached skill level 7 in Axes
  3339 | D:5      | Entered Level 5 of the Dungeon
  3697 | D:5      | Found an ornate altar of the Wu Jian Council.
  3767 | D:5      | Found Joockiwn's Assorted Antiques.
  3848 | D:5      | Found a glowing drain.
  3873 | Sewer    | Entered a sewer
  4066 | Sewer    | Reached XP level 7. HP: 58/58 MP: 6/6
  4210 | D:6      | Reached skill level 8 in Axes
  4216 | D:6      | Reached skill level 5 in Armour
  4410 | D:5      | Reached ** piety under Makhleb
  4716 | D:6      | Reached skill level 9 in Axes
  4716 | D:6      | Reached XP level 8. HP: 62/66 MP: 7/7
  5293 | D:7      | Noticed a hippogriff
  5346 | D:7      | Found a deep blue altar of Sif Muna.
  5346 | D:7      | Found a hide-covered altar of Uskayaw.
  5401 | D:7      | Found Jiskaoco's Gadget Boutique.
  5451 | D:7      | Found a shattered altar of Ashenzari.
  5475 | D:7      | Killed a hippogriff
  5475 | D:7      | Reached skill level 1 in Invocations
  5832 | D:7      | Found a glowing silver altar of Zin.
  5885 | D:8      | Reached skill level 10 in Axes
  6031 | D:8      | Found an iron altar of Okawaru.
  6227 | D:8      | Gained mutation: You passively map the area around you.
                  | [Deep Dwarf growth]
  6227 | D:8      | Reached XP level 9. HP: 71/76 MP: 10/10
  6386 | D:9      | Noticed Joseph
  6531 | D:9      | Reached *** piety under Makhleb
  6602 | D:9      | Killed Joseph
  6749 | D:9      | Reached skill level 11 in Axes
  6834 | D:5      | Bought a large shield for 148 gold pieces
  6915 | D:8      | Reached skill level 5 in Invocations
  7108 | D:9      | Noticed an orange crystal statue
  7163 | D:9      | Reached skill level 1 in Shields
  7423 | D:10     | Entered Level 10 of the Dungeon
  7423 | D:10     | Noticed a gargoyle
  7689 | D:10     | Noticed a two-headed ogre
  7712 | D:10     | Killed a two-headed ogre
  7712 | D:10     | Reached XP level 10. HP: 57/87 MP: 10/10
  7876 | D:10     | Killed a gargoyle
  7910 | D:10     | Killed an unseen horror
  7910 | D:10     | Reached skill level 5 in Fighting
  7980 | D:10     | Reached skill level 12 in Axes
  7982 | D:10     | Found a staircase to the Lair.
  8198 | D:10     | Killed an unseen horror
  8386 | D:11     | Reached **** piety under Makhleb
  8413 | D:11     | Found a staircase to the Orcish Mines.
  8571 | D:11     | Noticed a two-headed ogre
  8581 | D:11     | Killed a two-headed ogre
  8581 | D:11     | Reached XP level 11. HP: 75/97 MP: 12/12
  8804 | D:11     | Noticed a two-headed ogre
  8820 | D:11     | Killed a two-headed ogre
  8848 | D:11     | Noticed a white ugly thing
  8874 | D:11     | Killed a white ugly thing
  8910 | D:11     | Reached skill level 13 in Axes
  8910 | D:11     | Reached skill level 5 in Shields
  9123 | Lair:1   | Entered Level 1 of the Lair of Beasts
 10520 | Lair:2   | You fall through a shaft!
 10522 | Lair:3   | Noticed a four-headed hydra
 10553 | Lair:2   | Killed a four-headed hydra
 10573 | Lair:2   | Reached XP level 12. HP: 88/106 MP: 14/14
 10672 | Lair:3   | Reached ***** piety under Makhleb
 10684 | Lair:3   | Reached skill level 10 in Armour
 10705 | Lair:3   | Noticed a five-headed hydra
 10727 | Lair:3   | Killed a five-headed hydra
 10727 | Lair:3   | Reached skill level 14 in Axes
 10795 | Lair:3   | Noticed an eight-headed hydra
 10809 | Lair:3   | Killed an eight-headed hydra
 10861 | Lair:3   | Got a twisted flail
 10862 | Lair:3   | Identified the +11 flail of Incongruity {crush, Stlth+}
                  | (You found it on level 3 of the Lair of Beasts)
 10901 | Lair:3   | Noticed a six-headed hydra
 10914 | Lair:3   | Killed a six-headed hydra
 11007 | Lair:3   | Reached skill level 10 in Invocations
 11661 | Lair:4   | Noticed a death yak
 11669 | Lair:4   | Killed a death yak
 11685 | Lair:4   | Noticed a four-headed hydra
 11705 | Lair:4   | Killed a four-headed hydra
 11812 | Lair:4   | Reached skill level 15 in Axes
 11826 | Lair:4   | Noticed a six-headed hydra
 11842 | Lair:4   | Killed a six-headed hydra
 12270 | Lair:4   | Found a hole to the Spider Nest.
 12286 | Lair:4   | Reached XP level 13. HP: 72/117 MP: 12/12
 13349 | Orc:1    | Entered Level 1 of the Orcish Mines
 13752 | Orc:2    | Entered Level 2 of the Orcish Mines
 13894 | Orc:2    | Gained mutation: Armour fits poorly on your strangely
                  | shaped body. [a neqoxec]
 13898 | Orc:2    | Gained mutation: You are clumsy. (Dex -2) [a neqoxec]
 13909 | Orc:2    | Found a staircase to the Elven Halls.
 13919 | Orc:2    | Reached skill level 16 in Axes
 14016 | Orc:2    | Reached ****** piety under Makhleb
 14296 | D:12     | Noticed Rupert
 14506 | Lair:5   | Got a pitted plate armour
 14507 | Lair:5   | Identified the +1 plate armour of Autumn {Int+4} (You found
                  | it on level 5 of the Lair of Beasts)
 14869 | D:12     | Paralysed by Rupert for 6 turns
 14877 | D:12     | Noticed an Executioner
 14887 | D:12     | Reached skill level 1 in Evocations
 14892 | D:12     | Killed Rupert
 15071 | D:12     | Gained mutation: You resist negative energy. (rN+) [Deep
                  | Dwarf growth]
 15071 | D:12     | Reached XP level 14. HP: 61/129 MP: 4/4
 15660 | D:13     | Reached skill level 1 in Spellcasting
 16073 | D:13     | Got a warped bone amulet
 16074 | D:13     | Identified the amulet of Discretion {Inacc Int+4} (You
                  | found it on level 13 of the Dungeon)
 16692 | D:14     | Found a gate to the Vaults.
 17429 | D:15     | Entered Level 15 of the Dungeon
 17445 | D:15     | Reached skill level 10 in Shields
 17638 | D:15     | Found an iron altar of Okawaru.
 17638 | D:15     | Found a radiant altar of Vehumet.
 17753 | D:15     | Reached skill level 17 in Axes
 17753 | D:15     | Reached skill level 5 in Evocations
 17769 | D:15     | Found a staircase to the Depths.
 17830 | D:15     | Found a glowing silver altar of Zin.
 18053 | D:15     | Noticed a frost giant
 18058 | D:15     | Killed a frost giant
 18231 | D:15     | Reached XP level 15. HP: 126/138 MP: 4/4
 18281 | D:15     | Noticed a fire giant
 18294 | D:15     | Killed a fire giant
 18399 | D:15     | Reached skill level 10 in Fighting
 18493 | D:15     | Noticed a tengu reaver
 18507 | D:15     | Identified the +6 scale mail of Noon {rElec rN+ rCorr
                  | Str+4}
 18511 | D:15     | Noticed a storm dragon
 18513 | D:15     | Killed a tengu reaver
 18647 | D:15     | Identified the +4 long sword of Tomorrow {freeze, +Fly}
 18752 | D:15     | Killed a storm dragon
 19211 | Lair:2   | Found a staircase to the Shoals.
 19401 | Spider:1 | Entered Level 1 of the Spider Nest
 20221 | Spider:2 | Blown up by an orb spider

Skill      XL: |  1  2  3  4  5  6  7  8  9 10 11 12 13 14 15 |
---------------+----------------------------------------------+-----
Armour         | 1 2 3 4 5 6 7 8 9 10 11 12 | 12.8
Axes           | 4 5 6 7 9 10 11 12 13 15 16 17 | 17.7
Fighting       | 3 4 5 6 8 9 10 | 10.2
Invocations    | 3 5 7 9 10 12 13 | 13.6
Shields        | 2 4 6 7 9 10 | 10.8
Evocations     | 1 5 7 |  7.1
Spellcasting   | 2 |  2.0
Throwing       | |  1.7
Dodging        | |  3.2

Action                   |  1- 3 |  4- 6 |  7- 9 | 10-12 | 13-15 || total
-------------------------+-------+-------+-------+-------+-------++-------
Melee: War axe           |   120 |   248 |   395 |       |       ||   763
       Broad axe         |       |       |     3 |   596 |  1335 ||  1934
       Flail             |       |       |       |    36 |    15 ||    51
Throw: Throwing net      |     1 |     1 |     7 |     2 |       ||    11
Invok: Lesser Servant of |       |       |     1 |    11 |     5 ||    17
       Major Destruction |       |       |       |     1 |     1 ||     2
       Greater Servant o |       |       |       |       |    13 ||    13
 Abil: Heal Wounds       |     1 |     2 |     9 |    23 |    61 ||    96
  Use: Scroll            |       |       |     7 |    17 |    13 ||    37
       Potion            |       |       |       |       |     8 ||     8
 Stab: Sleeping          |     2 |       |       |       |       ||     2
       Held in net/web   |     1 |     2 |     2 |       |       ||     5
       Distracted        |       |       |       |     6 |     6 ||    12
  Eat: Chunk             |     1 |     7 |     7 |     9 |    17 ||    41
       Ration            |       |     1 |     2 |     1 |     5 ||     9
Armor: Leather armour    |    44 |       |       |       |       ||    44
       Chain mail        |     5 |   159 |   275 |   404 |   252 ||  1095
       Plate armour      |       |       |       |       |   598 ||   598
Dodge: Dodged            |    79 |   130 |   224 |   148 |   278 ||   859
Block: Large shield      |       |       |    52 |   599 |  1364 ||  2015
